 Dungeon Sprint DCSS version 0.29.1-13-g9f3cf754e1 (webtiles) character file.

Game seed: 6213949619470098207

42 theswoord the Trooper (level 3, 0/27 HPs)
             Began as a Gargoyle Fighter on Jan 26, 2023.
             Slain by a jelly (1 damage)
             ... in the Dungeon (Sprint IX: "|||||||||||||||||||||||||||||").
             The game lasted 00:00:17 (36 turns).

theswoord the Trooper (Gargoyle Fighter)              Turns: 36, Time: 00:00:18

Health: 0/27       AC: 10    Str: 19    XL:     3   Next: 56%
Magic:  3/3        EV:  9    Int:  8    God:
Gold:   0          SH:  4    Dex: 11    Spells: 2/2 levels left

rFire   . . .      SeeInvis .   a - +0 flail
rCold   . . .      Faith    .   c - +0 buckler
rNeg    + . .      Spirit   .   b - +0 scale mail
rPois   ∞          Reflect  .   (no helmet)
rElec   +          Harm     .   (no cloak)
rCorr   .          Rampage  .   (no gloves)
Will    .....      NoTele   +   (no boots)
Stlth   ..........              (no amulet)
HPRegen 0.09/turn               (no ring)
MPRegen 0.08/turn               (no ring)

@: no status effects
A: sickness immunity, AC +3, negative energy resistance 1, electricity
resistance, torment resistance 1, petrification resistance
a: no special abilities


You were in the Dungeon.
You visited 1 branch

Inventory:

Hand Weapons
 a - a +0 flail (weapon)
Armour
 b - a +0 scale mail (worn)
 c - a +0 buckler (worn)
Scrolls
 j - a scroll of blinking
Potions
 d - a potion of might
 e - a potion of curing
 f - a potion of heal wounds
 g - a potion of haste
 h - 2 potions of magic
 i - a potion of berserk rage


   Skills:
 + Level 6.1 Fighting
 + Level 5.1 Maces & Flails
 - Level 3.2 Armour
 - Level 3.2 Shields


You had 2 spell levels left.
You didn't know any spells.
Your spell library was empty.

Dungeon Overview and Level Annotations

Branches:
Dungeon (1/1)

Altars:


Innate Abilities, Weirdness & Mutations

You are immune to sickness and miasma.
Your stone body is resilient. (AC +3)
You are immune to poison.
You resist negative energy. (rN+)
You are resistant to electric shocks. (rElec)
You are resistant to unholy torment.
You are immune to petrification.


Message History

You hit the adder.
The adder is heavily wounded.
The adder bites you but does no damage. The adder barely misses you.
You sock the adder!
You kill the adder!
Your Fighting skill increases to level 5!
Your Maces & Flails skill increases to level 4!
Unknown command.
You hit the iguana but do no damage. The iguana barely misses you.
You barely miss the iguana. You block the iguana's attack.
Unknown command.
You hit the iguana but do no damage. The iguana barely misses you.
You hit the iguana.
The iguana is moderately wounded.
The iguana barely misses you.
The iguana bites you but does no damage.
Unknown command.
You sock the iguana!
The iguana is almost dead.
The iguana bites you.
You thump the iguana!
You kill the iguana!
Your Fighting skill increases to level 6!
Your Maces & Flails skill increases to level 5!
You have reached level 3!
Your experience leads to an increase in your attributes!
Increase (S)trength, (I)ntelligence, or (D)exterity?
You feel agile. x2
You sock the jelly!
Your hands burn!
* * * LOW HITPOINT WARNING * * *
The jelly is heavily wounded.
The jelly hits you.
* * * LOW HITPOINT WARNING * * *
You are splashed with acid.
* * * LOW HITPOINT WARNING * * *
You hit the jelly but do no damage.
Your hands burn!
* * * LOW HITPOINT WARNING * * *
The jelly is heavily wounded.
The jelly hits you.
You die...

▓+▓
▓.▓
▓.▓
▓.▓
▓.▓
▓o▓
▓J▓
▓@▓
▓.▓
▓.▓
▓.▓
▓†▓
▓)▓
▓.▓
▓.▓
▓.▓


You could see a jelly and an orc.

Vanquished Creatures
  An iguana (D)
  An adder (D)
  A worm (D)
  A dart slug (D)
  2 ball pythons (D)
  A frilled lizard (D)
  A kobold (D)
8 creatures vanquished.

Notes
Turn   | Place    | Note
-------+----------+-------------------------------------------
     0 | D        | theswoord the Gargoyle Fighter began the quest for the Orb.
     0 | D        | Reached XP level 1. HP: 14/14 MP: 1/1
    13 | D        | Reached skill level 4 in Fighting
    18 | D        | Noticed a jelly
    18 | D        | Noticed an iguana
    25 | D        | Reached XP level 2. HP: 14/20 MP: 2/2
    29 | D        | Reached skill level 5 in Fighting
    35 | D        | Reached skill level 6 in Fighting
    35 | D        | Reached skill level 5 in Maces & Flails
    35 | D        | Reached XP level 3. HP: 15/27 MP: 3/3
    36 | D        | HP: 1/27 [acid (4)]
    36 | D        | Slain by a jelly

Skill      XL: |  1  2 |
---------------+-------+-----
Fighting       | 4 6 |  6.1
Maces & Flails | 3 5 |  5.1
Armour         | |  3.2
Shields        | |  3.2

Action                   || total
-------------------------++-------
Melee: Flail             ||    26
Armor: Scale mail        ||     5
Dodge: Dodged            ||    12
Block: Buckler           ||     2

Levels and vault maps discovered:
D:        linesprint [early_d, line_temple, items_1, d_10, items_2, lair_1,
          lair_end, items_3, orc_1, orc_end, items_4, d_15, swamp_1, shoals_1,
          snake_1, spider_1, d_20, vaults_1, items_5, swamp_end, shoals_end,
          snake_end, spider_end, vaults_end, d_27, items_6, zot_1, zot_end,
          crypt_end, forest_end, elf_end, slime_end, tomb_end, abyss_end,
          pan_hell_end]
